 Dungeon Crawl Stone Soup version 0.30.1-4-g462c640d31 (webtiles) character file.

Game seed: 6357871001081325070

447 leafyfresh the Transmogrifier (level 7, 0/49 HPs)
             Began as a Merfolk Transmuter on Aug 19, 2023.
             Slain by an ice beast (5 damage)
             ... on level 5 of the Dungeon.
             The game lasted 00:08:11 (4080 turns).

leafyfresh the Transmogrifier (Merfolk Transmuter)  Turns: 4080, Time: 00:08:12

Health: 0/49       AC:  2    Str: 10    XL:     7   Next: 3%
Magic:  8/10       EV: 21    Int: 13    God:
Gold:   219        SH:  0    Dex: 21    Spells: 6/10 levels left

rFire   + . .        k - melded +0 dagger (venom)
rCold   . . .        (shield currently unavailable)
rNeg    . . .        a - melded +0 robe
rPois   x            (helmet currently unavailable)
rElec   .            m - melded +0 cloak
rCorr   .            (gloves currently unavailable)
SInv    .            x - melded +0 pair of boots
Will    +....        (no amulet)
Stlth   ++           p - ring of willpower
HPRegen 0.28/turn    E - ring of protection from fire
MPRegen 0.12/turn

%: no passive effects
@: spider-form
A: venomous fangs, tiny, (nimble swimmer 2), (mertail)
a: End Transformation


You were on level 5 of the Dungeon.
You were a venomous arachnid creature.
You visited 1 branch of the dungeon, and saw 5 of its levels.

You collected 219 gold pieces.

Inventory:

Hand Weapons
 k - a +0 dagger of venom (melded)
 o - a +0 club
Armour
 a - a +0 robe (melded)
 m - a +0 cloak (melded)
 t - a +0 leather armour of poison resistance
 x - a +0 pair of boots (melded)
Magical Staves
 F - a staff of fire
Jewellery
 p - a ring of willpower (left front pincers)
 E - a ring of protection from fire (right front pincers)
Wands
 B - a wand of polymorph (9)
Scrolls
 g - 4 scrolls of identify {unknown}
 i - 3 scrolls of magic mapping {unknown}
 j - 2 scrolls of enchant weapon {unknown}
 l - 2 scrolls of amnesia {unknown}
 q - 2 scrolls of teleportation {unknown}
 u - a scroll of summoning {unknown}
 v - a scroll of acquirement {unknown}
 w - 3 scrolls of fog {unknown}
 y - a scroll of fear {unknown}
 C - a scroll of enchant armour {unknown}
 D - a scroll of blinking {unknown}
 G - a scroll of immolation {unknown}
Potions
 b - a potion of lignification
 c - a potion of haste {unknown}
 d - 2 potions of attraction {unknown}
 e - a potion of heal wounds {unknown}
 f - 4 potions of curing {unknown}
 h - a potion of experience {unknown}
 n - a potion of ambrosia {unknown}
 r - a potion of invisibility {unknown}
 s - a potion of flight {unknown}
 z - a potion of degeneration {unknown}
 A - a potion of might {unknown}


   Skills:
 + Level 1.7 Fighting
 + Level 3.2 Dodging
 + Level 3.6 Unarmed Combat
 - Level 2.2 Spellcasting
 - Level 9.0 Transmutations


You had 6 spell levels left.
You knew the following spells:

 Your Spells              Type           Power      Damage    Failure   Level
a - Beastly Appendage     Tmut           48%        N/A       4%          1
b - Spider Form           Tmut/Pois      13%        N/A       28%         3

Your spell library contained the following spells:

 Spells                   Type           Power      Damage    Failure   Level
 Wereblood                Tmut           24%        N/A       4%          2
 Magic Dart               Conj           4%         1d3       47%         1
 Call Imp                 Summ           2%         N/A       58%         2
 Ice Form                 Ice/Tmut       13%        N/A       58%         4
 Mephitic Cloud           Conj/Pois/Air  1%         N/A       78%         3


Dungeon Overview and Level Annotations

Branches:
Dungeon (5/15)
 Temple: D:4-7

Altars:
Dithmenos
Gozag
Qazlal
Xom

Shops:
D:1 [=   D:5 *

Annotations:
D:5 1 transporter, SoEpicPie's ghost, amateur TrBe


Innate Abilities, Weirdness & Mutations

You are a venomous arachnid creature.
You have venomous fangs.
You are tiny and dextrous.
Your spellcasting is less reliable in this form.
Your armour is entirely melded.
You are incapable of wielding weapons or throwing items.
((You are very nimble when in or above water. (Stealth+, EV+, Speed+++)))
((Your lower body shifts to a powerful aquatic tail in water.))


Message History

The orc completely misses you. x2; The orc barely misses you.
You barely miss the ice beast. The orc completely misses you.
The orc hits you with a +0 club. The orc closely misses you.
The ice beast closely misses you.
Unknown command.
You hit the orc but do no damage.
The orc looks even sicker.
The orc is moderately wounded.
The orc barely misses you. The orc hits you with a +0 short sword.
The orc hits you with a +0 club. The ice beast misses you.
Unknown command.
You hit the orc but do no damage.
The orc looks as sick as possible!
The orc is moderately wounded.
The orc misses you. The orc hits you with a +0 short sword. The orc misses you.
The ice beast hits you. The ice beast freezes you!
Unknown command.
You are too injured to fight recklessly!
Unknown command.
You are too injured to fight recklessly!
Unknown command.
You are too injured to fight recklessly!
Unknown command.
Unknown command.
You barely miss the ice beast. The orc completely misses you.
The orc hits you with a +0 short sword. The orc hits you with a +0 club.
The ice beast barely misses you.
You hit the ice beast.
The ice beast is lightly wounded.
The orc closely misses you. The orc hits you but does no damage.
The orc hits you with a +0 club. The ice beast hits you.
The ice beast freezes you!
* * * LOW HITPOINT WARNING * * *
You hit the ice beast.
The ice beast is moderately wounded.
You kill the orc!
You barely miss the ice beast.
The ice beast is moderately wounded.
The orc closely misses you. x2; The ice beast hits you.
* * * LOW HITPOINT WARNING * * *
The ice beast freezes you.
You die...

©.©.......≈÷≈...≈.≈_≈.≈
########(.≈.≈.≈.≈.≈.≈.≈.
W:....O#..≈.≈_≈.≈...≈.≈.
#.#..#W#..≈.≈≈≈.≈≈≈≈≈.≈.
...##..#..≈....[≈.....≈.
... #..#..≈≈≈≈≈≈≈.≈≈≈≈≈.
#$....$..........
#.........Y......
#.#......so..?...
###......)o......
#..............
#.......?......
#..............
##.............
##.....##..... #######
#####


You could see an ice beast and 2 orcs.

Vanquished Creatures
  A black bear (D:5)
  An ogre (D:5)
  A phantom (D:5)
  A jelly (D:5)
  Robin (D:4)
  7 adders
  A worm (D:2)
  4 dart slugs
  2 orcs (D:5)
  5 ball pythons
  4 bats
  6 endoplasms
  A giant cockroach (D:2)
  14 goblins
  11 hobgoblins
  2 jackals (D:4)
  7 kobolds
  3 quokkas
  3 frilled lizards
  2 rats (D:2)
77 creatures vanquished.

Notes
Turn   | Place    | Note
-------+----------+-------------------------------------------
     0 | D:1      | leafyfresh the Merfolk Transmuter began the quest for the
                  | Orb.
     0 | D:1      | Reached XP level 1. HP: 15/15 MP: 3/3
    93 | D:1      | Reached XP level 2. HP: 12/21 MP: 3/5
   191 | D:1      | Reached skill level 3 in Transmutations
   210 | D:1      | Found Purewn's Armour Shoppe.
   320 | D:1      | Found Xaluacwu's Jewellery Shoppe.
   444 | D:1      | Reached XP level 3. HP: 19/26 MP: 6/6
   622 | D:1      | Learned a level 3 spell: Spider Form
   917 | D:2      | Reached skill level 4 in Transmutations
  1223 | D:2      | Found a faded altar of an unknown god.
  1237 | D:2      | Reached XP level 4. HP: 15/33 MP: 0/7
  2087 | D:3      | Reached skill level 5 in Transmutations
  2368 | D:3      | Found a stormy altar of Qazlal.
  2644 | D:4      | Reached XP level 5. HP: 33/38 MP: 4/8
  2671 | D:4      | Noticed Robin
  2683 | D:4      | Killed Robin
  2689 | D:4      | Reached skill level 6 in Transmutations
  2899 | D:4      | Found an opulent altar of Gozag.
  3226 | D:5      | Entered Level 5 of the Dungeon
  3255 | D:5      | Noticed a black bear
  3267 | D:5      | Killed a black bear
  3268 | D:5      | Reached skill level 7 in Transmutations
  3268 | D:5      | Reached XP level 6. HP: 18/44 MP: 3/9
  3511 | D:5      | Found Ea-nāṣir's Fine Metal Goods.
  3577 | D:5      | Found a transporter.
  3580 | D:5      | Noticed SoEpicPie's ghost (amateur TrBe)
  3604 | D:5      | Reached skill level 8 in Transmutations
  3692 | D:5      | Found a shimmering altar of Xom.
  3707 | D:5      | Found a shadowy altar of Dithmenos.
  3986 | D:5      | Reached skill level 9 in Transmutations
  3986 | D:5      | Reached XP level 7. HP: 49/49 MP: 7/10
  4080 | D:5      | Slain by an ice beast

Illustrated notes

Levels and vault maps discovered:
D:1:      minmay_arrival_solitary_statue, layout_rooms, serial_shops, shop,
          shop, minmay_tiny_reverse_x
D:2:      layout_basic, dreamdust_ecumenical_altar_statues, corner_web_ring,
          minmay_unequal
D:3:      layout_loops_cross, mainiacjoe_overflow_alcove_1
D:4:      layout_cave_pools, lemuel_tele_altar, uniq_robin
D:5:      layout_rooms, mainiacjoe_overflow_surrounded_room,
          mainiacjoe_overflow_catwalk_spiral, kennysheep_mini_moat,
          minmay_temple_entry_enclosed_plants, gammafunk_ghost_smash,
          nicolae_ea-nasir_strikes_again, minmay_statues_item

Skill      XL: |  1  2  3  4  5  6 |
---------------+-------------------+-----
Dodging        | 3 |  3.2
Transmutations | 3 4 5 7 9 |  9.0
Fighting       | |  1.7
Unarmed Combat | |  3.6
Spellcasting   | |  2.2

Action                     |  1- 3 |  4- 6 |  7- 9 || total
---------------------------+-------+-------+-------++-------
  Melee: Unarmed           |   110 |    74 |     9 ||   193
         Headbutt          |     5 |       |       ||     5
         Punch             |     2 |     2 |       ||     4
         Dagger            |     3 |    71 |     4 ||    78
   Cast: Beastly Appendage |     6 |       |       ||     6
         Spider Form       |     3 |     9 |     1 ||    13
   Stab: Sleeping          |       |     1 |       ||     1
 Armour: Robe              |    13 |    15 |       ||    28
         Skin              |       |     6 |     2 ||     8
  Dodge: Dodged            |    72 |   124 |    22 ||   218
